Construct Section Command Post
Selects Indian Artillery Battlegroup
Selects Towed ML 4.2-inch Heavy Mortar
Towed ML 4.2-inch Heavy Mortar
Construct Platoon Command Post
6-pounder Anti-tank Gun Team
Selects Off-map Airburst Barrage
Unlock Bishop Self-propelled Artillery
Bishop Self-propelled Artillery
6-pounder Anti-tank Gun Team
Selects Perimeter Monitor
Construct Company Command Post
Selects Gurkha Rifles Section
Selects Volunteer Infantry
Unlock M3 Grant Medium Tanks